 Dungeon Crawl Stone Soup version 0.29-a0-664-gff9cad4a3d (webtiles) character file.

Game seed: 5048270964644604606

15770 wingedge the Grappler (level 12, -7/75 HPs)
             Began as a Gargoyle Fighter on June 22, 2022.
             Was a Believer of Ashenzari.
             Mangled by a minotaur
             ... wielding the +5 short sword of the Volcano {elec, Dex+3 Stlth+}
              (25 damage)
             ... in a Gauntlet.
             The game lasted 01:16:41 (13751 turns).

wingedge the Grappler (Gargoyle Fighter)           Turns: 13751, Time: 01:16:42

Health: -7/75      AC: 30    Str: 22    XL:     12   Next: 30%
Magic:  13/13      EV:  5    Int: 10    God:    Ashenzari [**....]
Gold:   228        SH: 16    Dex: 11    Spells: 12/13 levels left

rFire   + . .      SeeInvis +     - Unarmed
rCold   . . .      Faith    .   B - +1 tower shield
rNeg    + . .      Spirit   .   M - +0 chain mail {rF+}
rPois   ∞          Reflect  .   n - +2 helmet of Ashenzari's Portent {Melee, Alch} (curse)
rElec   +          Harm     .   c - +2 cloak "I Foresaw This" {Melee, Range} (curse)
rCorr   .          Rampage  .   q - +0 pair of gloves
Will    .....      NoTele   +   j - +0 pair of boots of Ashenzari's Secrets {Bglg, Fort} (curse)
Stlth   +.........              y - amulet of the acrobat
HPRegen 0.22/turn               O - ring of willpower
MPRegen 0.13/turn               X - ring of flight

@: weak-willed, flying
A: sickness immunity, AC +8, negative energy resistance 1, electricity
resistance, torment resistance 1, petrification resistance
a: Renounce Religion, Curse Item, Shatter the Chains


You were in a Gauntlet.
You worshipped Ashenzari.
Ashenzari was pleased with you.
You visited 2 branches of the dungeon, and saw 11 of its levels.
You also visited: Ossuary and Gauntlet.

You collected 643 gold pieces.
You spent 415 gold pieces at shops.

Inventory:

Armour
 c - the cursed +2 cloak "I Foresaw This" (worn) {Melee, Range}
   (You took it off Crazy Yiuf on level 3 of the Dungeon)

   It has a curse which improves the following skills: Melee Combat: Short
   Blades, Long Blades, Axes, Maces & Flails, Polearms, Staves and Unarmed
   Combat.
   Ranged Combat: Slings, Bows, Crossbows and Throwing.
 e - a +2 pair of boots of stealth
 j - the cursed +0 pair of boots of Ashenzari's Secrets (worn) {Bglg, Fort}
   (You found it on level 2 of the Dungeon)

   It has a curse which improves the following skills: Beguiling: Conjurations,
   Hexes and Translocations.
   Fortitude: Armour and Shields.
 n - the cursed +2 helmet of Ashenzari's Portent (worn) {Melee, Alch}
   (You took it off Robin on level 2 of the Dungeon)

   It has a curse which improves the following skills: Melee Combat: Short
   Blades, Long Blades, Axes, Maces & Flails, Polearms, Staves and Unarmed
   Combat.
   Alchemy:   Poison Magic and Transmutations.
 q - a +0 pair of gloves (worn)
 B - a +1 tower shield (worn)
 M - a +0 chain mail of fire resistance (worn)
 V - +0 acid dragon scales
Jewellery
 i - a +4 ring of protection
 r - a ring of wizardry
 y - an amulet of the acrobat (around neck)
 O - a ring of willpower (left hand)
 W - the ring of the Many Cities {rF+ Dex+2}
   (You found it on level 8 of the Dungeon)

   [ring of protection from fire]

   Dex:       It affects your dexterity (+2).
   rF:        It protects you from fire.
 X - a ring of flight (right hand)
 Y - a ring of resist corrosion
 Z - a ring of ice
Wands
 C - a wand of iceblast (2)
 I - a wand of flame (16) (quivered)
 R - a wand of polymorph (11)
Scrolls
 a - a scroll of summoning
 b - a scroll of poison
 g - 3 scrolls of vulnerability
 h - 4 scrolls of fog
 k - 4 scrolls of teleportation
 l - 3 scrolls of immolation
 p - 5 scrolls of magic mapping
 u - 3 scrolls of noise
 v - 2 scrolls of enchant weapon
 E - a scroll of brand weapon
 H - a scroll of silence
 L - 2 scrolls of amnesia
Potions
 m - 3 potions of invisibility
 w - 14 potions of curing
 z - a potion of resistance
 A - 3 potions of brilliance
 D - a potion of ambrosia
 F - a potion of cancellation
 G - a potion of magic
 J - a potion of mutation
 P - a potion of might
 Q - a potion of haste
 S - 3 potions of attraction
Miscellaneous
 f - a phial of floods (inert)


   Skills:
 + Level 8.7 Fighting
 + Level 8.6(9.9) Armour
 + Level 7.9 Stealth
 + Level 8.9(10.2) Shields
 * Level 10.6(12.4) Unarmed Combat
 - Level 1.2 Spellcasting
 - Level 1.6(2.5) Conjurations
 * Level 7.8 Evocations


You had 12 spell levels left.
You knew the following spells:

 Your Spells              Type           Power      Damage    Failure   Level
a - Magic Dart            Conj           20%        1d4       99%         1

Your spell library contained the following spells:

 Spells                   Type           Power      Damage    Failure   Level
 Beastly Appendage        Tmut           0%         N/A       100%        1
 Blink                    Tloc           0%         N/A       100%        2
 Call Imp                 Summ           0%         N/A       100%        2
 Ensorcelled Hibernation  Hex/Ice        0%         N/A       100%        2
 Poisonous Vapours        Pois/Air       0%         N/A       100%        2
 Scorch                   Fire           0%         2d5       100%        2
 Static Discharge         Conj/Air       3%         N/A       100%        2
 Wereblood                Tmut           0%         N/A       100%        2
 Lesser Beckoning         Tloc           0%         N/A       100%        3
 Mephitic Cloud           Conj/Pois/Air  2%         N/A       100%        3
 Spider Form              Tmut/Pois      0%         N/A       100%        3
 Anguish                  Hex/Necr       0%         N/A       100%        4
 Corpse Rot               Necr/Pois/Air  0%         N/A       100%        4
 Flame Wave               Conj/Fire      3%         2d4       100%        4
 Lightning Bolt           Conj/Air       1%         1d12      100%        5
 Manifold Assault         Tloc           0%         N/A       100%        5
 Summon Cactus Giant      Summ           0%         N/A       100%        6
 Summon Hydra             Summ           0%         N/A       100%        7
 Maxwell's Capacitive Co  Air            0%         ∞         100%        8
 Sublimation of Blood     Necr           Unusable   N/A       N/A         2

Dungeon Overview and Level Annotations

Branches:
Dungeon (10/15)            Temple (0/1) D:5            Lair (1/6) D:8
Ossuary (visited)         Gauntlet (1/1)
    Orc: D:9-12

Altars:
Ashenzari
Dithmenos
Makhleb
Nemelex Xobeh
Ru
Sif Muna
Uskayaw
Wu Jian

Shops:
D:1 !=   D:8 !   D:10 (

Annotations:
Gauntlet 4 transporters


Innate Abilities, Weirdness & Mutations

You are immune to sickness and miasma.
Your stone body is resilient. (AC +8)
You are immune to poison.
You resist negative energy. (rN+)
You are resistant to electric shocks. (rElec)
You are resistant to unholy torment.
You are immune to petrification.


Message History

The puff of flame hits the minotaur.
The minotaur is almost dead.
The minotaur shoots a bolt.
You block the bolt.
Aiming: Throw Flame
Press: ? - help, Q - select action, (/) - cycle Shift-Dir - straight line, f/p - minotaur
Aim: a minotaur, wielding a +1 hand crossbow of freezing, wearing the +3 troll leather armour of the Lute {rC+++ Regen+ rCorr Dex+2} and quivering javelins (almost dead, weak-willed, 79% to hit)
The puff of flame hits the minotaur but does no damage.
The minotaur is almost dead.
You hit the minotaur but do no damage.
The minotaur is almost dead.
The minotaur unwields a +1 hand crossbow of freezing.
The minotaur wields the +5 short sword of the Volcano {elec, Dex+3 Stlth+}.
You hear the crackle of electricity.
You block the minotaur's attack. The minotaur gores you!
* * * LOW HITPOINT WARNING * * *
You closely miss the minotaur.
The minotaur is almost dead.
The minotaur hits you but does no damage.
The minotaur gores you but does no damage.
You hit the minotaur.
The minotaur is almost dead.
The minotaur hits you with the +5 short sword of the Volcano {elec, Dex+3 Stlth+}.
* * * LOW HITPOINT WARNING * * *
The minotaur gores you but does no damage.
You hit the minotaur.
The minotaur is almost dead.
You block the minotaur's attack.
The minotaur gores you but does no damage.
You hit the minotaur.
The minotaur is almost dead.
You block the minotaur's attack.
The minotaur gores you but does no damage.
You closely miss the minotaur.
The minotaur furiously retaliates!
The minotaur headbutts you, but does no damage.
The minotaur is almost dead.
The minotaur barely misses you. You block the minotaur's attack.
You hit the minotaur but do no damage.
The minotaur is almost dead.
The minotaur hits you with the +5 short sword of the Volcano {elec, Dex+3 Stlth+}!!
You die...

≈* *, * ##* ... .8 * , *
, #.# #., *8 ...,.
8.####.... ,,
..#.#...#..#$.99
#########.#.#.8.#.§#####
#8}8[8.8#...#...#§§.....
#∩....H@'.###.8.#§§.....
#8|8)8.8#...#...#≈......
#########.#.#.8.#..#####
#.....#.#...#..#..|.
#8........8.####.P..
##.##.###.....©#..#.
#........8.####..P.
########...#..#....
#≈8≈#..#...P


You could see a minotaur (weak-willed).

Vanquished Creatures
  A green death (Gauntlet)
  A hydra (Lair:1)
  2 centaur warriors (D:8)
  A two-headed ogre (D:10)
  The ghost of Drazool the Thaumaturge, a novice DjCj of Ashenzari (D:8)
  Pikel (D:9)
  2 orc sorcerers (D:10)
  A cyclops (D:8)
  2 orange demons (Gauntlet)
  2 cane toads (Lair:1)
  A rime drake (Lair:1)
  An unseen horror (D:6)
  2 kobold demonologists (D:8)
  An ice devil (Gauntlet)
  A troll (D:10)
  A raiju (Gauntlet)
  3 hornets
  A yak (shapeshifter) (D:8)
  26 yaks
  A wyvern (D:9)
  2 steam dragons
  2 water moccasins
  An acid dragon (D:8)
  An ice beast (D:6)
  A black bear (D:8)
  A lemure (D:9)
  3 centaurs
  2 phantoms
  3 kobold brigands
  A necrophage (D:6)
  3 bullfrogs
  5 scorpions
  3 wights (D:8)
  2 oklob saplings (D:9)
  A howler monkey (D:7)
  An electric eel (D:8)
  3 hounds
  Crazy Yiuf (D:3)
  5 orc priests
  3 jellies
  An iguana (D:4)
  Natasha (thrice) (D:2)
  6 orc wizards
  A lightning spire (Gauntlet)
  3 mummies (Ossuary)
  Robin (D:2)
  3 gnolls (D:5)
  11 adders
  5 white imps
  2 ufetubi
  4 adder zombies (Ossuary)
  2 worms (D:4)
  2 dart slugs
  27 orcs
  11 ball pythons
  5 bats
  4 endoplasms
  3 giant cockroaches
  13 goblins
  5 hobgoblins
  11 jackals
  5 quokkas
  2 frilled lizards (D:1)
  4 goblin zombies (Ossuary)
  4 hobgoblin zombies (Ossuary)
  27 kobolds
  3 kobold zombies (Ossuary)
  An orc zombie (Ossuary)
  2 quokka zombies (Ossuary)
  6 rats
273 creatures vanquished.

Vanquished Creatures (others)
  6 fungi
  19 plants
25 creatures vanquished.

Grand Total: 298 creatures vanquished

Notes
Turn   | Place    | Note
-------+----------+-------------------------------------------
     0 | D:1      | wingedge the Gargoyle Fighter began the quest for the Orb.
     0 | D:1      | Reached XP level 1. HP: 14/14 MP: 1/1
   385 | D:1      | Found Guanwul's Distillery.
   438 | D:1      | Reached XP level 2. HP: 19/19 MP: 2/2
   634 | D:1      | Found Urcheacu's Jewellery Shoppe.
  1359 | D:2      | Reached XP level 3. HP: 22/23 MP: 3/3
  1473 | D:2      | Noticed Natasha
  1491 | D:2      | Killed Natasha
  1492 | D:2      | Reached skill level 3 in Unarmed Combat
  1492 | D:2      | Reached XP level 4. HP: 21/29 MP: 4/4
  1620 | D:2      | Noticed Natasha
  1647 | D:2      | Killed Natasha
  1896 | D:2      | Noticed Natasha
  1906 | D:2      | Killed Natasha
  1959 | D:2      | Found a faded altar of an unknown god.
  1962 | D:2      | Prayed at the altar of an unknown god.
  1962 | D:2      | Became a worshipper of Ashenzari the Shackled
  2013 | D:2      | Reached XP level 5. HP: 33/33 MP: 5/5
  2072 | D:2      | Noticed Robin
  2101 | D:2      | Killed Robin
  2733 | D:3      | Found a shimmering blue altar of Sif Muna.
  3232 | D:3      | Reached skill level 1 in Evocations
  3280 | D:3      | Found a sparkling altar of Nemelex Xobeh.
  3326 | D:3      | Found a runed translucent door.
  3327 | D:3      | Noticed Crazy Yiuf
  3337 | D:3      | Killed Crazy Yiuf
  3858 | D:4      | Reached XP level 6. HP: 37/38 MP: 6/6
  3903 | D:4      | Found a broken altar of Ashenzari.
  4057 | D:4      | Learned a level 1 spell: Magic Dart
  4169 | D:4      | Reached skill level 4 in Unarmed Combat
  4169 | D:4      | Reached skill level 1 in Conjurations
  4666 | D:4      | Reached skill level 1 in Spellcasting
  4666 | D:4      | Reached XP level 7. HP: 44/44 MP: 8/8
  4740 | D:5      | Entered Level 5 of the Dungeon
  4905 | D:5      | Reached skill level 1 in Stealth
  5008 | D:5      | Found a staircase to the Ecumenical Temple.
  5142 | D:5      | Reached * piety under Ashenzari
  5796 | D:6      | Found a sand-covered staircase.
  5801 | Ossuary  | Entered an ossuary
  6229 | D:6      | Killed an unseen horror
  6230 | D:6      | Reached skill level 5 in Fighting
  6230 | D:6      | Reached skill level 5 in Shields
  6230 | D:6      | Reached skill level 5 in Unarmed Combat
  6230 | D:6      | Reached XP level 8. HP: 15/49 MP: 9/9
  6937 | D:6      | Reached skill level 5 in Armour
  7237 | D:6      | Reached ** piety under Ashenzari
  7284 | D:6      | Found a shadowy altar of Dithmenos.
  7401 | D:6      | Reached skill level 6 in Unarmed Combat
  7513 | D:7      | Found a hide-covered altar of Uskayaw.
  7566 | D:7      | Noticed a hornet
  7586 | D:7      | Killed a hornet
  7587 | D:7      | Reached XP level 9. HP: 37/55 MP: 10/10
  7984 | D:7      | Found a burning altar of Makhleb.
  8742 | D:8      | Found a large runed translucent door.
  8742 | D:8      | Found a large runed translucent door.
  8768 | D:8      | Noticed Drazool's ghost (novice DjCj)
  8866 | D:8      | Reached skill level 7 in Unarmed Combat
  9044 | D:8      | Found a staircase to the Lair.
  9052 | D:8      | Found Hodet's Distillery.
  9214 | D:1      | Bought a ring of willpower for 250 gold pieces
  9266 | D:1      | Bought a potion of curing for 33 gold pieces
  9266 | D:1      | Bought a potion of might for 44 gold pieces
  9266 | D:1      | Bought a potion of heal wounds for 55 gold pieces
  9266 | D:1      | Bought a potion of curing for 33 gold pieces
  9552 | D:8      | Reached skill level 5 in Stealth
  9590 | D:8      | Reached XP level 10. HP: 38/61 MP: 11/11
 10006 | D:8      | Noticed a kobold demonologist
 10006 | D:8      | Noticed a centaur warrior
 10006 | D:8      | Identified the +4 halberd of Valour {pain, rF+ rC+ Int+4}
 10007 | D:8      | Noticed a cyclops
 10007 | D:8      | Identified the ring of the Many Cities {rF+ Dex+2}
 10007 | D:8      | Noticed a centaur warrior
 10009 | D:8      | Killed a kobold demonologist
 10011 | D:8      | Killed a centaur warrior
 10012 | D:8      | Reached skill level 8 in Unarmed Combat
 10012 | D:8      | Noticed a kobold demonologist
 10013 | D:8      | Killed a cyclops
 10014 | D:8      | Reached skill level 5 in Evocations
 10014 | D:8      | Killed a centaur warrior
 10034 | D:8      | Killed a kobold demonologist
 10403 | D:8      | Killed Drazool's ghost
 10404 | D:8      | Reached skill level 9 in Unarmed Combat
 10404 | D:8      | Reached XP level 11. HP: 66/67 MP: 12/12
 11136 | D:9      | Found an ornate altar of the Wu Jian Council.
 11187 | D:9      | Noticed Pikel
 11197 | D:9      | Killed Pikel
 11578 | D:10     | Entered Level 10 of the Dungeon
 11698 | D:10     | Found Xyliwkoo's Weapon Emporium.
 11716 | D:10     | Found a sacrificial altar of Ru.
 12253 | D:10     | Noticed an orc sorcerer
 12253 | D:10     | Noticed an orc sorcerer
 12256 | D:10     | Killed an orc sorcerer
 12257 | D:10     | Killed an orc sorcerer
 12258 | D:10     | Reached skill level 10 in Unarmed Combat
 12273 | D:10     | Noticed a two-headed ogre
 12288 | D:10     | Killed a two-headed ogre
 12665 | Lair:1   | Entered Level 1 of the Lair of Beasts
 12794 | Lair:1   | Noticed a six-headed hydra
 12821 | Lair:1   | Reached XP level 12. HP: 75/75 MP: 13/13
 12896 | Lair:1   | Killed a six-headed hydra
 13158 | Lair:1   | Found a gate leading to a gauntlet.
 13173 | Gauntlet | Entered a Gauntlet
 13173 | Gauntlet | Found a transporter.
 13173 | Gauntlet | Found a transporter.
 13195 | Gauntlet | Noticed a tengu warrior
 13534 | Gauntlet | Found a transporter.
 13541 | Gauntlet | Found a transporter.
 13562 | Gauntlet | Found a transporter.
 13564 | Gauntlet | Noticed a green death
 13570 | Gauntlet | Noticed a death yak
 13571 | Gauntlet | Noticed a death yak
 13571 | Gauntlet | Noticed a death yak
 13572 | Gauntlet | Noticed a death yak
 13572 | Gauntlet | Noticed a death yak
 13572 | Gauntlet | Noticed a death yak
 13592 | Gauntlet | Killed a green death
 13605 | Gauntlet | Noticed a dire elephant
 13620 | Gauntlet | Found a transporter.
 13660 | Gauntlet | Found a transporter.
 13661 | Gauntlet | Found a transporter.
 13669 | Gauntlet | Found a transporter.
 13675 | Gauntlet | Found a transporter.
 13675 | Gauntlet | Identified the ring of Miracles {rElec MP+9 Dex+4}
 13689 | Gauntlet | Noticed a catoblepas
 13722 | Gauntlet | Identified the Guide on the Mountains
 13722 | Gauntlet | Identified the +5 short sword of the Volcano {elec, Dex+3
                  | Stlth+}
 13722 | Gauntlet | Identified the +3 troll leather armour of the Lute {rC+++
                  | Regen+ rCorr Dex+2}
 13722 | Gauntlet | Noticed a minotaur
 13723 | Gauntlet | Identified Sif Muna's Compendium of Enchantment
 13751 | Gauntlet | Mangled by a minotaur

Illustrated notes

Levels and vault maps discovered:
D:1:      dpeg_arrival_boxes_within_box, layout_basic, serial_shops,
          nicolae_diamond_shop, shop
D:2:      layout_loops_ring, basic_ecumenical_altar, uniq_natasha, uniq_robin
D:3:      layout_basic, nemelex_spade_bored_becter,
          mainiacjoe_overflow_alcove_1, kennysheep_potato,
          uniq_crazy_yiuf_cottage
D:4:      layout_loops_ring, mainiacjoe_overflow_small_starburst,
          kennysheep_generic_room_15
D:5:      layout_gridville, temple_statues, feat_on_display
D:6:      layout_loops_ring, lemuel_coloured_pillars_altar, enter_ossuary_5,
          hangedman_glass_garden
D:7:      layout_basic, mainiacjoe_overflow_catwalk,
          nicolae_overflow_crystal_walls, minivault_5
D:8:      minmay_the_grid_triangle_9x9_rhombus_thin
          [minmay_the_grid_triangle_9x9_odd_lines,
          minmay_the_grid_triangle_9x9_prize_center,
          minmay_the_grid_triangle_9x9_corruption,
          minmay_the_grid_triangle_9x9_limited_checkers], layout_loops_cross,
          dpeg_oklobed_lair, ebering_ghost_disaster_area, serial_shops, shop,
          chequers_serial_rivers_small_a, mrwooster_statue_mirror,
          corexii_corridor_pit, fountainhead
D:9:      layout_rooms, nzn_wu_jian_contemplation, introduction_to_nature_2,
          uniq_pikel
D:10:     cheibrodos_wizards_tower, layout_basic, nicolae_ru_awakened_eye,
          serial_glass, glass_columns_b, glass_columns_c,
          minmay_shop_grid_forest
Lair:1:   layout_regular_city, gauntlet_entry_generic
Gauntlet: gammafunk_gauntlet_branching [gammafunk_gauntlet_arena_teeth,
          nicolae_gauntlet_arena_t_cross, nicolae_gauntlet_arena_flowing_pool,
          nicolae_gauntlet_arena_blocks, gammafunk_gauntlet_arena_spirals,
          gammafunk_gauntlet_arena_split_diamond, nicolae_gauntlet_swirl,
          gammafunk_gauntlet_arena_hedges,
          nicolae_gauntlet_exit_dead_adventurers]

Skill      XL: |  1  2  3  4  5  6  7  8  9 10 11 |
---------------+----------------------------------+-----
Unarmed Combat | 3 4 5 6 7 9 10 | 10.6
Armour         | 4 5 6 7 8 |  8.6
Shields        | 4 5 6 7 8 |  8.9
Fighting       | 4 5 6 7 8 |  8.7
Evocations     | 1 2 3 4 5 7 |  7.8
Conjurations   | 1 |  1.6
Spellcasting   | 1 |  1.2
Stealth        | 2 3 5 6 7 |  7.9

Action                   |  1- 3 |  4- 6 |  7- 9 | 10-12 || total
-------------------------+-------+-------+-------+-------++-------
Melee: Unarmed           |   134 |   301 |   476 |   401 ||  1312
       Dagger            |     4 |       |       |       ||     4
Throw: Dart              |       |       |     3 |       ||     3
 Cast: Magic Dart        |       |       |     2 |       ||     2
Invok: Curse Item        |       |     1 |     2 |       ||     3
Evoke: Wand              |       |    15 |    33 |    65 ||   113
       Phial of floods   |       |       |       |     1 ||     1
  Use: Potion            |       |     1 |     3 |     3 ||     7
       Scroll            |       |       |     3 |     3 ||     6
 Stab: Paralysed         |       |    13 |     1 |       ||    14
Armor: Scale mail        |    59 |   110 |   145 |       ||   314
       Ring mail         |       |    37 |    20 |       ||    57
       Chain mail        |       |       |    50 |   181 ||   231
       Acid dragon scale |       |       |       |     9 ||     9
Dodge: Dodged            |    72 |   116 |   119 |    70 ||   377
Block: Buckler           |    26 |    52 |    12 |       ||    90
       Tower shield      |       |       |   281 |   318 ||   599

Table legend: (Time is in decaauts)
 A = Elapsed time spent in this place.
 B = Non-inter-level travel time spent in this place.
 C = Inter-level travel time spent in this place.
 D = Time resting spent in this place.
 E = Time spent auto-exploring this place.
 F = Levels seen in this place.
 G = Mean time per level.
                   A        B        C        D        E       F      G
               +--------+--------+--------+--------+--------+-----+--------+
         Total |  13871 |  13166 |    705 |   2947 |   6173 |  13 | 1067.0 |
       Dungeon |  12442 |  11737 |    705 |   2454 |   6068 |  10 | 1244.2 |
          Lair |    510 |    510 |      0 |    120 |    105 |   1 |  510.0 |
       Ossuary |    338 |    338 |      0 |     53 |      0 |   1 |  338.0 |
      Gauntlet |    579 |    579 |      0 |    320 |      0 |   1 |  579.0 |
               +--------+--------+--------+--------+--------+-----+--------+

Top non-repeatable levels by time:
     D:8: 1750 daAuts
     D:6: 1513 daAuts
     D:2: 1432 daAuts
     D:1: 1401 daAuts
     D:7: 1287 daAuts
     D:3: 1120 daAuts
    D:10: 1071 daAuts
     D:5: 1018 daAuts
     D:4: 938 daAuts
     D:9: 907 daAuts
Gauntlet: 579 daAuts
  Lair:1: 510 daAuts
 Ossuary: 338 daAuts
